 Dungeon Crawl Stone Soup version 0.14-a0-30-gf0b6e91 (webtiles) character file.

2712 Sachiko the Grappler (level 9, -7/84 HPs)
             Began as a Troll Monk on Sept 27, 2013.
             Killed themself with a badly aimed puff of flame (8 damage)
             ... on Level 7 of the Dungeon.
             The game lasted 00:19:31 (4484 turns).

Sachiko the Grappler (Troll Monk)                   Turns: 4484, Time: 00:19:31

HP  -7/84        AC  4     Str 21      XL: 9   Next: 31%
MP   2/2         EV 12     Int  8      God:
Gold 148         SH  0     Dex 13      Spells:  0 memorised,  8 levels left

Res.Fire  : . . .   See Invis. : .     - Unarmed
Res.Cold  : . . .   Warding    : .   a - +0 robe (curse)
Life Prot.: . . .   Conserve   : .   (shield restricted)
Res.Poison: .       Res.Corr.  : .   (helmet restricted)
Res.Elec. : .       Clarity    : .   (no cloak)
Sust.Abil.: . .     Spirit.Shd : .   (gloves unavailable)
Res.Mut.  : .       Stasis     : .   (boots unavailable)
Res.Rott. : .       Flight     : .   (no amulet)
Gourmand  : +                        (no ring)
                                     m - cursed ring of flight

@: slightly resistant to hostile enchantments, unstealthy
A: unfitting armour, claws 3, hooves 1, deformed body, fast metabolism 3,
gourmand, -10% mp, regeneration 2, saprovore 2, tough skin 2, AC +1
a: Evoke Flight


You were on level 7 of the Dungeon.
You were completely stuffed.

You visited 2 branches of the dungeon, and saw 8 of its levels.

You collected 148 gold pieces.

Inventory:

Armour
 a - a cursed +0 robe (worn)
Magical devices
 h - a wand of random effects (19)
Comestibles
 b - 4 meat rations
 c - a lychee
 d - 3 bread rations
 i - 2 chokos
 k - a honeycomb
 n - 4 chunks of centaur flesh
 p - a chunk of hobgoblin flesh
 u - 3 rotting chunks of gnoll flesh
Scrolls
 e - 6 scrolls of remove curse
 o - a scroll of enchant weapon II
 r - a scroll of identify
Jewellery
 f - a cursed ring of hunger
 g - an uncursed ring of ice
 l - an uncursed ring of fire
 m - a cursed ring of flight (left claw)
Potions
 j - a potion of restore abilities


   Skills:
 * Level 5.2 Fighting
 + Level 6.0 Dodging
 - Level 1.1 Stealth
 * Level 10.1 Unarmed Combat


You had 8 spell levels left.
You didn't know any spells.

Dungeon Overview and Level Annotations

Branches:
Dungeon (7/27)             Temple (1/1) D:4
    Orc: D:6-11

Altars:
Elyvilon
Fedhas


Innate Abilities, Weirdness & Mutations

You are too large for most types of armour.
You have claws for hands.
Your metabolism is lightning-fast.
You like to eat raw meat.
You heal very quickly.
You can eat rotten meat.
You are covered in fur (AC +1).
You have very tough skin (AC +2).
You have large cloven feet.
Armour fits poorly on your strangely shaped body.
Your magical capacity is low (-10% MP).


Message History

The orc hits you.
* * * LOW HITPOINT WARNING * * *
The orc hits you with an orcish club.
* * * LOW HITPOINT WARNING * * *
You continue eating.
The orc completely misses you. The orc hits you but does no damage.
The orc hits you with an orcish club.
* * * LOW HITPOINT WARNING * * *
You continue eating.
The orc hits you but does no damage. The orc closely misses you.
Drink which item? (? for menu, Esc to quit)
Okay, then.
Read which item? (? for menu, Esc to quit)
Okay, then.
Evoke which item? (* to show all) (? for menu, Esc to quit)
Zapping:
h - a wand of random effects {recharged}
Press: ? - help, Shift-Dir - straight line, f - you Really target yourself?
The puff of flame hits you!
You die...

# ### #. ......
####.##......
...............
#................
#...............#
#...$...........#
#....>).o.......#
#@.....)@.......#
#.....).oo<.....#
#...............#
######.###.#############
#.# #.# #.(....# #.# #.#
#......# #.# #.#
####......# #.# #.#
#....####.#
#.###.###....# #<#


You could see 3 orcs and a neutral freed slave (wandering).

Vanquished Creatures
  Pikel (D:7)
  Eustachio (D:5)
  A manticore (D:7)
  Menkaure (D:7)
  2 phantoms
  2 ice beasts (D:6)
  A sky beast (D:6)
  An ogre (D:4)
  A centaur (D:6)
  2 black bears (D:6)
  Sigmund (D:2)
  A gnoll sergeant (D:6)
  A killer bee (D:6)
  A giant frog zombie (D:5)
  3 crimson imps
  2 orc priests
  An iguana (D:5)
  2 hounds
  3 scorpions
  4 orc wizards
  4 worker ants
  A crocodile zombie (D:5)
  A hound skeleton (D:4)
  9 adders
  3 gnolls (D:6)
  A green rat (D:5)
  An inept feature mimic (D:3)
  3 worms
  An adder skeleton (D:6)
  6 giant geckos
  An ooze (D:2)
  13 orcs
  11 bats
  3 giant cockroaches
  10 hobgoblins
  4 jackals
  2 quokkas
  2 ball pythons
  6 giant newts
  13 goblins
  A hobgoblin skeleton (D:6)
  13 kobolds
  A kobold zombie (D:7)
  11 rats
  2 rat skeletons
155 creatures vanquished.

Notes
Turn   | Place    | Note
--------------------------------------------------------------
     0 | D:1      | Sachiko, the Troll Monk, began the quest for the Orb.
     0 | D:1      | Reached XP level 1. HP: 20/20 MP: 0/0
   293 | D:1      | Reached XP level 2. HP: 23/28 MP: 0/0
   672 | D:2      | Noticed Sigmund
   685 | D:2      | Killed Sigmund
   685 | D:2      | Reached skill level 5 in Unarmed Combat
   685 | D:2      | Reached XP level 3. HP: 12/36 MP: 1/1
   685 | D:2      | Reached XP level 4. HP: 14/44 MP: 1/1
  1339 | D:2      | Reached XP level 5. HP: 40/50 MP: 1/1
  1712 | D:3      | Reached skill level 6 in Unarmed Combat
  1998 | D:4      | Noticed a phantom
  2026 | D:4      | Killed a phantom
  2026 | D:4      | Reached XP level 6. HP: 34/59 MP: 2/2
  2097 | D:4      | Found a blossoming altar of Fedhas.
  2176 | D:4      | Found a staircase to the Ecumenical Temple.
  2200 | D:4      | Noticed an ogre
  2226 | Temple   | Entered the Ecumenical Temple
  2345 | D:4      | Killed an ogre
  2706 | D:5      | Entered Level 5 of the Dungeon
  2751 | D:5      | Reached skill level 7 in Unarmed Combat
  2821 | D:5      | Reached XP level 7. HP: 35/66 MP: 2/2
  2883 | D:5      | Found a white marble altar of Elyvilon.
  3048 | D:5      | Noticed Eustachio
  3062 | D:5      | Killed Eustachio
  3467 | D:5      | Gained mutation: Your magical capacity is low (-10% MP). [potion of mutation]
  3467 | D:5      | Gained mutation: You have large cloven feet. [potion of mutation]
  3467 | D:5      | Gained mutation: Armour fits poorly on your strangely shaped body. [potion of mutation]
  3587 | D:6      | Reached skill level 8 in Unarmed Combat
  3587 | D:6      | Reached XP level 8. HP: 47/76 MP: 1/1
  4015 | D:6      | Reached skill level 5 in Dodging
  4036 | D:6      | Reached skill level 9 in Unarmed Combat
  4420 | D:7      | Noticed Menkaure
  4425 | D:7      | Killed Menkaure
  4434 | D:7      | Noticed Pikel
  4463 | D:7      | Killed Pikel
  4463 | D:7      | Reached skill level 5 in Fighting
  4463 | D:7      | Reached skill level 10 in Unarmed Combat
  4463 | D:7      | Reached XP level 9. HP: 66/84 MP: 2/2
  4481 | D:7      | HP: 4/84 [orc/orcish club (2)]
  4482 | D:7      | HP: 1/84 [orc/orcish club (4)]
  4484 | D:7      | Killed themself with a badly aimed puff of flame

Action                   |  1- 3 |  4- 6 |  7- 9 || total
-------------------------+-------+-------+-------++-------
Melee: Unarmed           |    39 |   217 |   199 ||   455
Evoke: Wand              |       |     1 |       ||     1
  Use: Scroll            |     4 |     6 |     3 ||    13
       Potion            |     1 |     7 |     4 ||    12
 Stab: Sleeping          |     1 |     3 |       ||     4
